 Dungeon Crawl Stone Soup version 0.31-a0-672-g7da72447bb (webtiles) character file.

Game seed: 1751975581253641847

21 gruber the Conjurer (level 2, -3/17 HPs)
             Began as an Octopode Conjurer on Sept 4, 2023.
             Slain by a gnoll
             ... wielding a +0 whip
             ... led by a gnoll bouda
              (10 damage)
             ... on level 1 of the Dungeon.
             The game lasted 00:00:51 (674 turns).

gruber the Conjurer (Octopode Conjurer)              Turns: 674, Time: 00:00:52

Health: -3/17      AC:  1    Str:  6    XL:     2   Next: 83%
Magic:  5/5        EV: 13    Int: 20    God:
Gold:   87         SH:  0    Dex: 10    Spells: 4/5 levels left

rFire   . . .        c - +3 hand axe (elec)
rCold   . . .        (no shield)
rNeg    . . .        (helmet restricted)
rPois   .            (no amulet)
rElec   .            (no ring)
rCorr   .            (no ring)
SInv    .            (no ring)
Will    .....        (no ring)
Stlth   +++          (no ring)
HPRegen 0.22/turn    (no ring)
MPRegen 0.09/turn    (no ring)
                     (no ring)

%: no passive effects
@: no status effects
A: almost no armour, amphibious, 8 rings, camouflage 1, gelatinous body 1,
(nimble swimmer 1), tentacles
a: no special abilities


You were on level 1 of the Dungeon.
You visited 1 branch of the dungeon, and saw 2 of its levels.

You collected 87 gold pieces.

Inventory:

Hand Weapons
 c - a +3 hand axe of electrocution (weapon)
Scrolls
 b - a scroll of fog {unknown}
 d - a scroll of teleportation {unknown}
Potions
 a - a potion of magic


   Skills:
 - Level 2.0 Dodging
 - Level 2.6 Stealth
 + Level 2.1 Spellcasting
 + Level 4.7 Conjurations


You had 4 spell levels left.
You knew the following spells:

 Your Spells              Type           Power      Damage    Failure   Level
a - Magic Dart            Conj           84%        1d7       2%          1

Your spell library contained the following spells:

 Spells                   Type           Power      Damage    Failure   Level
 Searing Ray              Conj           42%        2d6       3%          2
 Apportation              Tloc           4%         N/A       16%         1
 Necrotise                Necr           8%         1d4       16%         1
 Summon Small Mammal      Summ           8%         N/A       16%         1
 Dazzling Flash           Conj/Hex       22%        N/A       19%         3
 Poisonous Vapours        Pois/Air       4%         N/A       24%         2
 Mephitic Cloud           Conj/Pois/Air  8%         N/A       24%         3
 Volatile Blastmotes      Fire/Tloc      4%         2d10      43%         3
 Fulminant Prism          Conj/Hex       5%         3d7       52%         4
 Iskenderun's Mystic Bla  Conj/Tloc      11%        2d4       52%         4
 Freezing Cloud           Conj/Ice/Air   4%         6-21      92%         5
 Starburst                Conj/Fire      5%         6d4       100%        6
 Maxwell's Capacitive Co  Air            1%         ∞         100%        8


Dungeon Overview and Level Annotations

Branches:
Dungeon (2/15)

Altars:

Shops:
D:2 [


Innate Abilities, Weirdness & Mutations

You cannot wear most types of armour.
You are amphibious.
You can wear up to eight rings at the same time.
Your skin changes colour to match your surroundings (Stealth+).
Your rubbery body absorbs attacks. (AC +1, EV +1)
((You are camouflaged when in or above water. (Stealth+)))
You have tentacles for arms and can constrict up to eight enemies at once.


Message History

An endoplasm is nearby!
An endoplasm is nearby!
An endoplasm is nearby!
An endoplasm is nearby!
You miscast Magic Dart.
You are very lightly contaminated with residual magic.
Nothing appears to happen.
The magic dart hits the endoplasm.
You kill the endoplasm!
You can't see any susceptible monsters within range! (Use Z to cast anyway.)
You can't see any susceptible monsters within range! (Use Z to cast anyway.)
Your magical contamination has completely faded away.
Partly explored, can't reach some places.
Partly explored, can't reach some places.
Partly explored, can't reach some places.
Partly explored, can't reach some places.
You can't see any susceptible monsters within range! (Use Z to cast anyway.)
You can't see any susceptible monsters within range! (Use Z to cast anyway.)
There is a stone staircase leading down here.
You climb downwards.
A gnoll comes into view. It is wielding a +0 spear.
The gnoll hits you with a +0 whip. x2
There is a stone staircase leading up, spattered with blood here.
The gnoll bouda misses you. The gnoll closely misses you.
You climb upwards.
There is a stone staircase leading down here.
Unknown command.
Unknown command.
You closely miss the gnoll. Your grab misses the gnoll.
You hit the gnoll bouda. The gnoll bouda misses you.
The gnoll hits you with a +0 whip.
You closely miss the gnoll bouda. You grab the gnoll bouda.
The gnoll bouda is lightly wounded.
You closely miss the gnoll.
You constrict the gnoll bouda, but do no damage.
The gnoll bouda barks out a call to the hunt!
The gnoll picks up the pace!
The gnoll hits you with a +0 whip!
Ouch! That really hurt!
You die...

#..........#.##...###..
###.####.###.##.#......
#..###..##...........
##..##..##.###........
##........#..##........
#..........#...........
#..........##..........
##........####...).....
##....@...## ##........
#.[..gg....# #........
#..........# #........
##........#####........
##..##..####..........
#..#######...........
#....................
#########............
#...........(


You could see a gnoll bouda and a gnoll (swift).

Vanquished Creatures
  A ball python (D:1)
  3 endoplasms (D:1)
  3 goblins
  3 hobgoblins (D:1)
  A quokka (D:1)
  A bat (D:1)
  3 kobolds (D:1)
  3 rats (D:1)
18 creatures vanquished.

Notes
Turn   | Place    | Note
-------+----------+-------------------------------------------
     0 | D:1      | gruber the Octopode Conjurer began the quest for the Orb.
     0 | D:1      | Reached XP level 1. HP: 11/11 MP: 3/3
   110 | D:1      | Reached XP level 2. HP: 17/17 MP: 0/5
   303 | D:1      | You fall into a shaft and drop 1 floor!
   306 | D:2      | Found Keal's Antique Armour Shop.
   674 | D:1      | Slain by a gnoll

Illustrated notes

Levels and vault maps discovered:
D:1:      lightli_molten_gateway, layout_rooms, serial_bayou_pond_d, st_stairs_5
D:2:      layout_loops_ring, shapermc_ecumenical_altar_flowoftime, serial_shops,
          shop

Action                     || total
---------------------------++-------
  Melee: Unarmed           ||    15
         Tentacles         ||     6
         Constrict         ||     7
         Punch             ||     2
         Hand axe          ||    12
   Cast: Magic Dart        ||    11
   Stab: Sleeping          ||     1
 Armour: Skin              ||    11
  Dodge: Dodged            ||    18

Table legend: (Time is in decaauts)
 A = Elapsed time spent in this place.
 B = Non-inter-level travel time spent in this place.
 C = Inter-level travel time spent in this place.
 D = Time resting spent in this place.
 E = Time spent auto-exploring this place.
 F = Levels seen in this place.
 G = Mean time per level.
                   A        B        C        D        E       F      G
               +--------+--------+--------+--------+--------+-----+--------+
         Total |    678 |    664 |     14 |      0 |    535 |   2 |  339.0 |
       Dungeon |    678 |    664 |     14 |      0 |    535 |   2 |  339.0 |
               +--------+--------+--------+--------+--------+-----+--------+

Top non-repeatable levels by time:
     D:1: 629 daAuts
     D:2: 48 daAuts
